 Dungeon Crawl Stone Soup version 0.27-a0-1202-ge72e49191c (webtiles) character file.

Game seed: 16713689578304714936

9 Glokmah the Sneak (level 2, -1/18 HPs)
             Began as a Vampire Delver on June 4, 2021.
             Was an Initiate of Gozag.
             Slain by an orc
             ... wielding a +0 hand axe
              (6 damage)
             ... on level 4 of the Dungeon.
             The game lasted 00:01:53 (278 turns).

Glokmah the Sneak (Vampire Delver)                   Turns: 278, Time: 00:01:53

Health: -1/18      AC:  3    Str: 11    XL:     2   Next: 6%
Magic:  2/2        EV: 12    Int: 12    God:    Gozag
Gold:   28         SH:  0    Dex: 15    Spells: 1/1 levels left

rFire    . . .     SeeInvis +   a - +0 short sword
rCold    + + .     Faith    .   (no shield)
rNeg     + + +     Spirit   .   b - +0 leather armour
rPois    ∞         Reflect  .   (no helmet)
rElec    .         Harm     .   (no cloak)
rCorr    .         Rampage  .   (no gloves)
Will     .....                  (no boots)
Stlth    +++++.....             (no amulet)
HPRegen  0.00/turn              (no ring)
MPRegen  0.08/turn              (no ring)

@: bloodless
A: bloodless, fangs 3, see invisible, vampiric 1
a: Revivify, Renounce Religion, Potion Petition, Call Merchant, Bribe Branch


You were on level 4 of the Dungeon.
You worshipped Gozag.
Gozag was noncommittal.
You visited 2 branches of the dungeon, and saw 3 of its levels.

You collected 44 gold pieces.
You paid 16 gold pieces to Gozag.

Inventory:

Hand Weapons
 a - a +0 short sword (weapon)
Armour
 b - a +0 leather armour (worn)
Wands
 g - a wand of digging (2)
Potions
 f - a potion of haste


   Skills:
 + Level 2.8 Fighting
 * Level 2.6 Short Blades
 - Level 2.1 Dodging
 * Level 7.5 Stealth


You had one spell level left.
You didn't know any spells.
Your spell library was empty.

Dungeon Overview and Level Annotations

Branches:
Dungeon (5/15)             Temple (1/1) D:5

Altars:
Cheibriados
Elyvilon
Fedhas
Gozag
Kikubaaqudgha
Makhleb
Nemelex Xobeh
Okawaru
Ru
Trog
Uskayaw
Wu Jian
Xom
Yredelemnul
Zin
The Shining One


Innate Abilities, Weirdness & Mutations

You do not regenerate when monsters are visible.
You are frail without blood (-20% HP).
You can heal yourself when you bite living creatures.
You are immune to poison.
You have razor-sharp teeth.
You have supernaturally acute eyesight. (SInv)
You are afflicted with vampirism.


Message History

You kneel at the altar of Gozag.
Gozag welcomes you!
You pay a service fee of 16 gold.
There is a staircase back to the Dungeon here.
You climb upwards.
A water moccasin comes into view.
The gnoll misses you. The gnoll hits you with a +0 flail!
The gnoll hits you with a +0 club.
There is a staircase to the Ecumenical Temple here.
As you read the scroll of fear, it crumbles to dust.
You assume a fearsome visage.
The water moccasin looks frightened!
The water moccasin hisses angrily.
The gnoll looks frightened! x2
A gnoll comes into view. It is wielding a +0 club.
A necrophage comes into view.
Found 11 gold pieces.
A necrophage comes into view.
An iguana comes into view.
Found a stone staircase leading up.
There is a stone staircase leading up here.
You climb upwards.
A worm, a sky beast and an orc come into view.
Found a robe and 2 scrolls labelled POOLOYDDAKLU.
There is a stone staircase leading down here.
A hound skeleton comes into view. 2 orcs come into view.
Found 7 sling bullets.
An adder, a goblin and an orc come into view.
A hobgoblin comes into view.
Found 16 gold pieces.
Okay, then.
Okay, then.
As you read the scroll of fog, it crumbles to dust.
The scroll dissolves into smoke.
The sky beast barely misses you.
A hobgoblin and a zombie come into view.
The adder bites you.
* * * LOW HITPOINT WARNING * * *
The orc hits you with a +0 hand axe.
You die...
Your body crumbles into a pile of gold.

......g....Z##
.............##
..............#
.........$....###
..................
.o................
....o..oS.........
.......@§§.w......
#.g..Z§§Y§§.......
....g..§§§§.......
...####.##§.....[.
.. #...>....... .
####........
.........
..........
.o...#.....


You could see a sky beast, an adder, 3 orcs, a howler monkey zombie (dormant), 2
hobgoblins, a goblin (asleep) and a hound skeleton (dormant).

Vanquished Creatures
  An adder (D:5)
1 creature vanquished.

Notes
Turn   | Place    | Note
-------+----------+-------------------------------------------
     0 | D:5      | Glokmah the Vampire Delver began the quest for the Orb.
     0 | D:5      | Reached XP level 1. HP: 17/17 MP: 1/1
    11 | D:5      | Noticed a centaur
    85 | D:5      | Reached XP level 2. HP: 18/18 MP: 2/2
    89 | D:5      | Found a staircase to the Ecumenical Temple.
    96 | Temple   | Entered the Ecumenical Temple
   206 | Temple   | Became a worshipper of Gozag Ym Sagoz the Greedy
   213 | D:5      | Noticed a water moccasin
   215 | D:5      | Noticed a necrophage
   234 | D:5      | Noticed a necrophage
   270 | D:4      | Noticed a sky beast
   278 | D:4      | Slain by an orc

Illustrated notes

Levels and vault maps discovered:
D:4:      layout_rooms, kennysheep_generic_room_10
D:5:      layout_loops_corners, nicolae_dithmenos_shadow_blocks,
          minmay_temple_entry_statues, grunt_decor_junction,
          minmay_misc_feat_roman
Temple:   kb_temple_of_zot

Action                   || total
-------------------------++-------
Melee: Short sword       ||     1
 Abil: Exsanguinate      ||     1
Evoke: Wand              ||     1
  Use: Scroll            ||     3
 Stab: Sleeping          ||     1
Dodge: Dodged            ||     2

Table legend: (Time is in decaauts)
 A = Elapsed time spent in this place.
 B = Non-inter-level travel time spent in this place.
 C = Inter-level travel time spent in this place.
 D = Time resting spent in this place.
 E = Time spent auto-exploring this place.
 F = Levels seen in this place.
 G = Mean time per level.
                   A        B        C        D        E       F      G
               +--------+--------+--------+--------+--------+-----+--------+
         Total |    278 |    278 |      0 |      0 |     97 |   3 |   92.7 |
       Dungeon |    161 |    161 |      0 |      0 |      0 |   2 |   80.5 |
        Temple |    116 |    116 |      0 |      0 |     97 |   1 |  116.0 |
               +--------+--------+--------+--------+--------+-----+--------+

Top non-repeatable levels by time:
     D:5: 153 daAuts
  Temple: 116 daAuts
     D:4: 7 daAuts
